Map: Terraços Prion

Players

TheZergLord - Winner!

  • Race: Zerg Zerg
  • League: Master

IIIIIIIIIIII

  • Race: Zerg Zerg
  • League: Master

VOD

Have the link to the VOD?

Description

Time

  • Played on: April 26, 2016, 10 a.m.
  • Length: 12:33
Show
View Real Time Build Order
Export as new Build Order

TheZergLord Zerg - Winner!

Build Orders: Pool First, Zergling Baneling 

Get SALT Encoding   

  12  0:01  Drone  
  13  0:09  Drone  
  14  0:20  Extractor, Drone  
  14  0:33  Spawning Pool  
  13  0:37  Drone  
  13  0:42  Extractor  
  13  0:43  Drone  
  15  0:52  Overlord  
  15  1:10  Drone  
  15  1:11  Drone  
  17  1:20  Queen  
  17  1:22  Metabolic Boost  
  19  1:27  Zergling x2  
  19  1:31  Zergling x2  
  21  1:35  Zergling x2  
  22  1:42  Baneling Nest  
  21  1:48  Overlord  
  21  2:04  Zergling x2  
  21  2:08  Zergling x2  
  23  2:20  Zergling x2  
  24  2:26  Baneling x3  
  24  2:28  Baneling  
  24  2:31  Zergling x2  
  24  2:32  Zergling x6  
  28  2:42  Zergling x2  
  29  2:52  Hatchery  
  27  3:05  Overlord, Drone  
  28  3:08  Zergling x2  
  20  3:35  Zergling x2  
  20  3:36  Zergling x4  
  23  3:41  Baneling x2  
  23  3:42  Baneling  
  23  3:47  Drone  
  24  4:09  Drone  
  26  4:10  Queen, Drone x4  
  30  4:21  Baneling  
  30  4:24  Zergling x4  
  32  4:37  Drone x4  
  36  4:39  Roach Warren  
  35  4:56  Hatchery  
  34  5:01  Drone x3  
  34  5:02  Drone  
  37  5:16  Drone  
  37  5:17  Drone x3  
  37  5:18  Extractor  
  37  5:19  Drone x2  
  37  5:20  Drone  
  42  5:28  Overlord x2  
  42  5:34  Overlord  
  42  5:38  Baneling  
  42  5:47  Roach x3  
  42  5:48  Roach x3  
  54  5:53  Baneling x2  
  54  5:56  Roach x2  
  58  6:01  Baneling x2  
  55  6:11  Queen  
  55  6:14  Roach  
  55  6:15  Roach x3  
  65  6:25  Roach x4  
  72  6:36  Overlord x2  
  72  6:43  Roach  
  74  6:47  Overlord x2  
  74  6:55  Roach  
  74  6:56  Roach x4  
  74  6:58  Roach  
  86  7:15  Roach x7  
  90  7:37  Drone x3  
  90  7:39  Roach x2  
  90  7:40  Roach x3  
  100  7:54  Roach x2  
  100  7:55  Roach  
  94  8:00  Roach  
  94  8:03  Zergling x2, Roach  
  94  8:04  Zergling x10  
  94  8:18  Zergling x2, Roach x3  
  101  8:23  Zergling x2  
  102  8:30  Zergling x4  
  102  8:32  Ravager  
  105  8:34  Zergling x2  
  106  8:47  Zergling x4  
  106  8:49  Overlord  
  106  8:50  Overlord x2  
  106  9:06  Roach  
  106  9:07  Zergling x2  
  106  9:08  Zergling x8  
  106  9:14  Zergling x10  
  106  9:15  Zergling x14  
  85  9:33  Roach x3  
  81  9:38  Roach x2  
  81  9:39  Roach x6  
  81  9:42  Ravager  
  96  9:47  Zergling x6, Roach  
  96  10:12  Roach x2  
  96  10:13  Zergling x2, Roach x4  
  96  10:14  Zergling x16  
  107  10:27  Roach x3  
  100  10:38  Roach  
  100  10:39  Zergling x4, Roach  
  100  10:40  Zergling x8  
  99  10:46  Roach x2  
  102  10:56  Roach x2  
  99  11:00  Roach  
  99  11:01  Zergling x2  
  89  11:05  Roach  
  89  11:06  Zergling x2  
  84  11:13  Roach x2  
  84  11:17  Roach  
  79  11:28  Zergling x6  
  79  11:29  Zergling x16  
  90  11:34  Ravager  
  90  11:35  Zergling x2  
  92  11:42  Roach x2  
  95  11:51  Roach x2  
  95  11:52  Zergling x2  
  96  12:08  Zergling x2, Roach x3  
  101  12:09  Zergling x16  
Show
View Real Time Build Order
Export as new Build Order

IIIIIIIIIIII Zerg 

Build Orders: Hatch First 

Get SALT Encoding   

  12  0:01  Drone  
  13  0:12  Overlord  
  13  0:18  Drone  
  14  0:31  Drone x2  
  17  0:35  Drone  
  17  0:51  Hatchery  
  17  0:54  Drone  
  17  1:07  Spawning Pool  
  17  1:10  Drone  
  17  1:13  Drone  
  17  1:16  Extractor  
  17  1:18  Drone  
  18  1:31  Drone  
  19  1:38  Overlord  
  19  1:54  Queen  
  19  1:55  Zergling x2  
  22  2:04  Queen  
  22  2:06  Zergling x2  
  22  2:07  Drone  
  26  2:12  Drone  
  27  2:19  Metabolic Boost  
  27  2:24  Drone  
  28  2:41  Queen  
  28  2:42  Zergling x2  
  28  2:43  Spine Crawler  
  28  2:44  Spine Crawler  
  29  2:49  Baneling Nest  
  28  2:58  Zergling x4  
  29  3:04  Zergling x2  
  27  3:13  Zergling x6  
  17  3:37  Baneling x3  
  17  3:38  Drone  
  17  3:39  Drone x2  
  20  3:47  Baneling x2  
  20  3:52  Zergling x6  
  23  4:01  Drone x2  
  25  4:05  Drone  
  26  4:15  Drone x2  
  24  4:17  Drone  
  25  4:28  Drone x3  
  28  4:40  Drone x3  
  28  4:43  Drone  
  32  4:50  Overlord  
  32  4:52  Drone  
  33  4:58  Zergling x4  
  35  5:18  Hatchery  
  33  5:22  Roach Warren  
  33  5:23  Extractor  
  33  5:24  Zergling x6  
  33  5:25  Zergling x2  
  35  5:35  Zergling x8  
  40  5:44  Baneling x4  
  40  5:46  Zergling x6  
  40  5:49  Zergling x2  
  44  5:52  Overlord  
  44  5:57  Overlord  
  37  6:25  Zergling x16  
  36  6:26  Zergling x2  
  41  6:35  Drone x2  
  41  6:38  Drone  
  41  6:39  Queen  
  43  6:48  Roach x2  
  43  6:49  Roach x3  
  53  6:55  Drone x2  
  53  6:59  Roach  
  57  7:04  Roach  
  59  7:12  Roach x3  
  59  7:14  Overlord x2  
  61  7:30  Roach  
  61  7:31  Roach  
  61  7:33  Overlord x2  
  63  7:38  Roach x3  
  63  7:39  Roach  
  62  8:01  Roach x6  
  72  8:16  Zergling x2  
  72  8:17  Zergling x12  
  79  8:21  Ravager  
  80  8:29  Roach x2  
  80  8:32  Drone x3  
  87  8:41  Roach x2  
  91  8:49  Drone x4  
  91  8:53  Extractor  
  94  8:59  Zergling x8  
  97  9:08  Roach  
  97  9:09  Roach x2  
  95  9:17  Roach  
  77  9:30  Roach  
  61  9:32  Zergling x8  
  61  9:33  Zergling x16  
  69  9:39  Zergling x6  
  69  9:40  Zergling x2  
  73  9:48  Zergling x6  
  73  9:51  Baneling x2  
  69  10:08  Zergling x14  
  69  10:10  Baneling x2  
  68  10:31  Zergling x2  
  68  10:32  Zergling x16  
  59  10:47  Zergling x16  
  55  11:00  Zergling x2  
  55  11:01  Zergling x8  
  54  11:10  Zergling x2  
  54  11:11  Zergling x4  
  54  11:16  Roach  
  55  11:18  Baneling  
  50  11:27  Roach x3  
  50  11:29  Zergling x6  
  50  11:30  Queen  
  61  11:33  Queen  
  61  11:35  Roach  
  67  11:51  Roach  
  67  11:52  Roach x2  
  67  11:54  Zergling x6  
  65  12:01  Roach  
  65  12:03  Roach  
Tags
 
Add a new tag
Caveats
  • Supply blocks, unpowered buildings, or Contaminate may cause inaccurate times.
  • Supply counts are checked every 10 seconds.